 Dungeon Crawl Stone Soup version 0.31.0-9-g3a7656b989 (webtiles) character file.

Game seed: 13647268387308520580

3686 qw the Skirmisher (level 9, -8/54 HPs)
             Began as a Deep Elf Hunter on Feb 2, 2024.
             Was an Elder of Okawaru.
             Mangled by an orc warrior
             ... wielding a +0 long sword
              (16 damage)
             ... on level 8 of the Dungeon.
             The game lasted 00:00:43 (6645 turns).

qw the Skirmisher (Deep Elf Hunter)                 Turns: 6645, Time: 00:00:43

Health: -8/54      AC:  9    Str: 12    XL:     9   Next: 90%
Magic:  14/14      EV: 19    Int: 15    God:    Okawaru [****..]
Gold:   372        SH:  0    Dex: 18    Spells: 8/8 levels left

rFire   + . .        a - +0 shortbow (flame)
rCold   . . .        (shield currently unavailable)
rNeg    . . .        d - +0 ring mail
rPois   .            k - +2 helmet
rElec   .            (no cloak)
rCorr   .            (no gloves)
SInv    .            e - +0 pair of boots
Will    .....        (no amulet)
Stlth   +            c - ring of protection from fire
HPRegen 0.29/turn    p - +5 ring of evasion
MPRegen 0.14/turn

%: no passive effects
@: about to teleport
A: no striking features
a: Renounce Religion, Heroism, Finesse


You were on level 8 of the Dungeon.
You worshipped Okawaru.
Okawaru was greatly pleased with you.
You visited 1 branch of the dungeon, and saw 8 of its levels.

You collected 372 gold pieces.


   Skills:
 - Level 5.0 Fighting
 - Level 14.1 Ranged Weapons
 - Level 2.1 Armour
 + Level 7.2 Dodging
 - Level 1.2 Stealth
 + Level 5.0 Invocations


You had 8 spell levels left.
You didn't know any spells.
Your spell library was empty.

Inventory:

Hand Weapons
 a - a +0 shortbow of flaming (weapon)
Armour
 d - a +0 ring mail (worn)
 e - a +0 pair of boots (worn)
 k - a +2 helmet (worn)
Jewellery
 c - a ring of protection from fire (left hand)
 l - a ring of fire
 p - a +5 ring of evasion (right hand)
Wands
 m - a wand of polymorph (6)
 n - a wand of mindburst (13)
Scrolls
 b - 2 scrolls of teleportation
 o - a scroll of identify
Potions
 f - a potion of mutation
 g - 2 potions of resistance {unknown}
 h - 3 potions of curing
 i - a potion of haste
 j - 2 potions of enlightenment

Dungeon Overview and Level Annotations

Branches:
Dungeon (8/15)             Temple (0/1) D:6
   Lair: D:8-11

Altars:
Cheibriados
Dithmenos
Gozag
Hepliaklqana
Okawaru
Qazlal
Ru
Sif Muna
Xom


Message History

Enter note:
Enter note:
Enter note:
6637 ||| RETREEEEATING.
The vampire mosquito buzzes angrily.
The orc warrior attacks as it pursues you!
The orc warrior closely misses you.
Enter note:
Enter note:
6638 ||| RETREEEEATING.
The orc warrior attacks as it pursues you!
The orc warrior hits you with a +0 long sword!
You shoot an arrow. The arrow hits the orc warrior!
The arrow burns the orc warrior.
The orc warrior is severely wounded.
The orc warrior completely misses you.
You shoot an arrow.
The arrow hits the orc warrior but does no damage.
The orc warrior is severely wounded.
The orc warrior hits you with a +0 long sword!
You shoot an arrow.
The arrow hits the orc warrior but does no damage.
The orc warrior is severely wounded.
You shoot an arrow.
The arrow closely misses the orc warrior.
The orc warrior completely misses you. The orc closely misses you.
Enter note:
Enter note:
6643 ||| RETREEEEATING.
The orc warrior attacks as it pursues you!
The orc warrior hits you with a +0 long sword!
6644 ||| READING 3 scrolls of teleportation.
As you read the scroll of teleportation, it crumbles to dust.
You feel strangely unstable. The orc warrior misses you.
You shoot an arrow.
The arrow hits the orc warrior but does no damage.
The orc warrior is severely wounded.
The orc warrior hits you with a +0 long sword!
You die...

8~~~~.....................<......
.~~~~..###.######..##.........###
.......# #[# #y# ####...####
......## #.# #$## #####
##.#######.# #..# #.# #....# #..#
#.# #.#### #..## #.#
#.##########..#
#.####.##......@oo.#
#<......#.#######y.#
######..#.######..##
#............# #.##.##.###..#
#.##.#...##.## #...^....##.#
####.#...##.# #.######..


You could see an orc warrior, a vampire mosquito and an orc.

Vanquished Creatures
  A shadow (D:6)
  6 yaks (D:8)
  A wyvern (D:8)
  5 steam dragons
  A water moccasin (D:6)
  An orc warrior (D:6)
  An ice beast (D:7)
  A sky beast (D:8)
  A phantom (D:5)
  2 bullfrogs
  3 scorpions
  A wight (D:7)
  4 howler monkeys
  3 crimson imps (D:5)
  2 jellies
  A gnoll bouda (D:6)
  2 orc priests
  5 hounds
  2 iguanas
  9 orc wizards
  3 gnolls (D:6)
  8 adders
  2 shadow imps (D:5)
  2 white imps
  3 dart slugs
  A ribbon worm (D:3)
  21 orcs
  17 ball pythons
  4 bats
  7 endoplasms
  5 giant cockroaches
  5 goblins
  3 hobgoblins
  8 kobolds
  2 quokkas
  3 frilled lizards
  4 rats
150 creatures vanquished.

Notes
Turn   | Place    | Note
-------+----------+-------------------------------------------
     0 | D:1      | qw the Deep Elf Hunter began the quest for the Orb.
     0 | D:1      | Reached XP level 1. HP: 12/12 MP: 3/3
     0 | D:1      | 0 ||| qw: Version: 0.3-a-155-g5e7d8dd
     0 | D:1      | 0 ||| qw: Game counter: 2805
     0 | D:1      | 0 ||| qw: Melee chars always use a shield: true
     0 | D:1      | 0 ||| qw: God list: Okawaru
     0 | D:1      | 0 ||| qw: Allow faded altars: false
     0 | D:1      | 0 ||| qw: Do Orc after clearing Dungeon:15 true
     0 | D:1      | 0 ||| qw: Do second Lair branch before Depths: true
     0 | D:1      | 0 ||| qw: Lair rune preference: random
     0 | D:1      | 0 ||| qw: Goals: Normal
     0 | D:1      | 0 ||| PLANNING D:1-11
   144 | D:1      | Reached skill level 6 in Ranged Weapons
   144 | D:1      | Reached XP level 2. HP: 16/16 MP: 4/4
   553 | D:1      | Reached XP level 3. HP: 20/20 MP: 5/5
   611 | D:1      | 611 ||| UPGRADING to +0 helmet.
   616 | D:1      | 616 ||| READING scroll labelled OTATUYKKUL.
   617 | D:1      | 617 ||| READING 2 scrolls labelled ESSEEHI MAOLL.
   617 | D:1      | 617 ||| IDENTIFYING silvery potion
   618 | D:1      | 618 ||| READING scroll of identify.
   618 | D:1      | 618 ||| IDENTIFYING fuming silvery potion
   619 | D:1      | 619 ||| READING scroll labelled ISAYRU QUUJ.
   619 | D:1      | 619 ||| ENCHANTING +0 helmet.
   620 | D:1      | 620 ||| DRINKING 2 smoky sapphire potions.
   621 | D:1      | 621 ||| DRINKING 2 smoky white potions.
   622 | D:1      | 622 ||| DRINKING 2 ruby potions.
   623 | D:1      | 623 ||| DROPPING scroll of butterflies.
   624 | D:1      | 624 ||| DROPPING potion of degeneration.
   625 | D:1      | 625 ||| DROPPING potion of brilliance.
   746 | D:2      | Reached skill level 7 in Ranged Weapons
   848 | D:2      | Reached XP level 4. HP: 25/25 MP: 6/6
  1019 | D:2      | Found a faded altar of an unknown god.
  1217 | D:2      | 1217 ||| READING scroll of enchant armour.
  1217 | D:2      | 1217 ||| ENCHANTING +1 helmet.
  1473 | D:2      | 1473 ||| UPGRADING to +0 scale mail.
  1483 | D:2      | 1483 ||| DROPPING +0 leather armour.
  1484 | D:2      | 1484 ||| READING 4 scrolls of identify.
  1484 | D:2      | 1484 ||| IDENTIFYING grey potion
  1485 | D:2      | 1485 ||| READING 3 scrolls of identify.
  1485 | D:2      | 1485 ||| IDENTIFYING 2 purple potions
  1486 | D:2      | 1486 ||| READING 2 scrolls of identify.
  1486 | D:2      | 1486 ||| IDENTIFYING scroll labelled QIWIUS ZAHA
  1487 | D:2      | 1487 ||| DROPPING potion of magic.
  1747 | D:3      | Found an iron altar of Okawaru.
  1748 | D:3      | 1748 ||| PLANNING OKAWARU WORSHIP
  1748 | D:3      | 1748 ||| READING 2 scrolls of identify.
  1748 | D:3      | 1748 ||| IDENTIFYING yellow potion
  1749 | D:3      | 1749 ||| READING scroll of identify.
  1749 | D:3      | 1749 ||| IDENTIFYING scroll labelled VUSECH UT EMM
  1750 | D:3      | 1750 ||| READING scroll of brand weapon.
  1750 | D:3      | 1750 ||| BRANDING +0 shortbow.
  1751 | D:3      | 1751 ||| DROPPING potion of attraction.
  1763 | D:3      | Became a worshipper of Warmaster Okawaru
  1764 | D:3      | 1764 ||| PLANNING D:1-11
  2189 | D:3      | Reached skill level 8 in Ranged Weapons
  2274 | D:3      | 2274 ||| UPGRADING to ring of protection from fire.
  2312 | D:4      | 2312 ||| RETREEEEATING.
  2322 | D:4      | Reached XP level 5. HP: 11/29 MP: 7/7
  2323 | D:4      | HP: 7/29 [orc/+0 whip (4)]
  2324 | D:4      | 2324 ||| READING 2 scrolls of teleportation.
  2324 | D:4      | HP: 3/29 [orc/+0 whip (4)]
  2325 | D:4      | 2325 ||| DRINKING potion of heal wounds.
  2448 | D:4      | You fall into a shaft and drop 1 floor!
  2448 | D:5      | Entered Level 5 of the Dungeon
  2509 | D:5      | 2509 ||| DRINKING potion of curing.
  2509 | D:5      | 2509 ||| (to cure confusion)
  2513 | D:5      | Reached skill level 9 in Ranged Weapons
  2562 | D:5      | Noticed a phantom
  2573 | D:5      | 2573 ||| RETREEEEATING.
  2574 | D:5      | 2574 ||| RETREEEEATING.
  2578 | D:5      | 2578 ||| RETREEEEATING.
  2579 | D:5      | 2579 ||| RETREEEEATING.
  2581 | D:5      | Reached skill level 1 in Armour
  2581 | D:5      | 2581 ||| DRINKING 3 potions of haste.
  2590 | D:5      | Killed a phantom
  2591 | D:5      | Reached XP level 6. HP: 32/36 MP: 8/8
  2637 | D:5      | Found a hazy altar of Hepliaklqana.
  2647 | D:5      | 2647 ||| UPGRADING to +0 ring mail.
  2657 | D:5      | 2657 ||| DROPPING +0 scale mail.
  2831 | D:4      | Found an opulent altar of Gozag.
  2843 | D:4      | Reached * piety under Okawaru
  3013 | D:4      | 3013 ||| READING scroll labelled XECIFU MUAS.
  3070 | D:5      | Reached skill level 1 in Invocations
  3142 | D:5      | 3142 ||| STAIRDANCE
  3148 | D:4      | 3148 ||| READING scroll of identify.
  3148 | D:4      | 3148 ||| IDENTIFYING bubbling emerald potion
  3149 | D:4      | 3149 ||| READING scroll labelled HIOTOA RAIGG.
  3293 | D:5      | Reached XP level 7. HP: 40/40 MP: 10/10
  3327 | D:5      | HP: 9/40 [poisoned by an orc]
  3328 | D:5      | Reached skill level 10 in Ranged Weapons
  3328 | D:5      | 3328 ||| READING 2 scrolls of teleportation.
  3329 | D:5      | 3329 ||| DRINKING potion of heal wounds.
  3493 | D:5      | Reached skill level 3 in Dodging
  3493 | D:5      | Reached skill level 3 in Invocations
  3661 | D:5      | Noticed a steam dragon
  3662 | D:5      | 3662 ||| INVOKING Heroism.
  3678 | D:5      | Killed a steam dragon
  3791 | D:5      | Found a shimmering altar of Xom.
  3793 | D:5      | 3793 ||| RETREEEEATING.
  3861 | D:5      | 3861 ||| UPGRADING to +0 pair of boots.
  3913 | D:6      | Reached skill level 11 in Ranged Weapons
  4004 | D:6      | Reached ** piety under Okawaru
  4005 | D:6      | Reached XP level 8. HP: 45/45 MP: 13/13
  4143 | D:6      | Reached skill level 12 in Ranged Weapons
  4246 | D:6      | Reached skill level 3 in Fighting
  4385 | D:6      | 4385 ||| DROPPING +6 ring of intelligence.
  4619 | D:6      | Found a shimmering blue altar of Sif Muna.
  4636 | D:6      | 4636 ||| DRINKING 4 potions of curing.
  4636 | D:6      | 4636 ||| (to cure confusion)
  4858 | D:6      | Found a staircase to the Ecumenical Temple.
  5149 | D:7      | 5149 ||| STAIRDANCE
  5154 | D:7      | 5154 ||| STAIRDANCE
  5161 | D:7      | 5161 ||| STAIRDANCE
  5167 | D:6      | Reached skill level 13 in Ranged Weapons
  5180 | D:7      | 5180 ||| STAIRDANCE
  5303 | D:7      | 5303 ||| STAIRDANCE
  5390 | D:7      | Reached *** piety under Okawaru
  5446 | D:7      | 5446 ||| READING scroll of brand weapon.
  5446 | D:7      | 5446 ||| BRANDING +0 shortbow of freezing.
  5536 | D:7      | 5536 ||| DROPPING ring of wizardry.
  5557 | D:7      | Reached XP level 9. HP: 31/51 MP: 14/14
  5698 | D:7      | Found a flagged portal.
  5899 | D:7      | 5899 ||| UPGRADING to +5 ring of evasion.
  5900 | D:7      | 5900 ||| READING scroll of identify.
  5900 | D:7      | 5900 ||| IDENTIFYING black potion
  5901 | D:7      | 5901 ||| DROPPING wand of flame (29).
  5902 | D:7      | 5902 ||| DROPPING potion of lignification.
  5967 | D:8      | 5967 ||| INVOKING Heroism.
  5969 | D:8      | 5969 ||| DRINKING 2 potions of haste.
  5971 | D:8      | Reached skill level 14 in Ranged Weapons
  6011 | D:8      | Reached skill level 6 in Dodging
  6184 | D:8      | Reached **** piety under Okawaru
  6382 | D:8      | 6382 ||| RETREEEEATING.
  6385 | D:8      | 6385 ||| RETREEEEATING.
  6386 | D:8      | 6386 ||| RETREEEEATING.
  6506 | D:8      | Found a stormy altar of Qazlal.
  6506 | D:8      | Found a snail-covered altar of Cheibriados.
  6514 | D:8      | Found a faded altar of an unknown god.
  6516 | D:8      | Found a sacrificial altar of Ru.
  6522 | D:8      | Found a shadowy altar of Dithmenos.
  6637 | D:8      | 6637 ||| RETREEEEATING.
  6638 | D:8      | 6638 ||| RETREEEEATING.
  6643 | D:8      | 6643 ||| RETREEEEATING.
  6643 | D:8      | HP: 7/54 [orc warrior/+0 long sword (12)]
  6644 | D:8      | 6644 ||| READING 3 scrolls of teleportation.
  6645 | D:8      | Mangled by an orc warrior

Levels and vault maps discovered:
D:1:      lemuel_arrival_muddy, layout_basic, grunt_decor_junction,
          chequers_serial_rivers_micro_e
D:2:      layout_basic, ebering_ecumenical_altar_hall
D:3:      layout_basic, lemuel_round_altar
D:4:      layout_rooms, nicolae_gozag_seed_capital
D:5:      layout_rooms, old_standard_altar, led_xom_imps, grunt_tough_drop
D:6:      layout_loops_cross, kennysheep_orc_sif_temple,
          minmay_temple_entry_enclosed_plants, serial_co_window_serial,
          co_window_corner_a, co_window_of_opportunity_a, co_window_corner_a,
          co_window_corner_a, co_window_corner_a, co_window_corner_cb,
          co_window_paths_c, co_window_corner_b, co_window_4corner_a,
          co_window_4corner_b, glass_columns_b, glass_columns_a,
          glass_columns_a, glass_columns_b
D:7:      layout_rooms, enter_bailey_2, kennysheep_diamond
D:8:      layout_loops_ring, chequers_temple_overflow_minitemple,
          serial_park_tiny_pond, minmay_pinched_square

Skill      XL: |  1  2  3  4  5  6  7  8  9 |
---------------+----------------------------+-----
Ranged Weapons | 6 7 8 9 11 13 14 | 14.1
Armour         | 1 2 |  2.1
Fighting       | 2 3 5 |  5.0
Invocations    | 2 4 5 |  5.0
Dodging        | 3 4 7 |  7.2
Stealth        | |  1.2

Action                     |  1- 3 |  4- 6 |  7- 9 || total
---------------------------+-------+-------+-------++-------
   Fire: Shortbow          |   107 |   182 |   369 ||   658
 Invoke: Heroism           |       |       |     2 ||     2
    Use: Scroll            |     4 |    11 |     4 ||    19
         Potion            |     3 |     3 |     3 ||     9
 Armour: Leather armour    |    22 |     6 |       ||    28
         Scale mail        |       |    63 |       ||    63
         Ring mail         |       |     8 |   101 ||   109
  Dodge: Dodged            |    24 |    33 |   118 ||   175

Table legend:
 A = Non-vault XP
 B = Vault XP
 C = Vault XP percentage of total XP
 D = Non-vault monster count
 E = Vault monster count
 F = Vault count percentage of total count
                 A         B        C        D         E       F
            +---------+---------+-------+---------+---------+-------
      Total |    4366 |     900 |  17.1 |     132 |      18 |  12.0
            +---------+---------+-------+---------+---------+-------
        D:1 |      41 |       0 |   0.0 |      25 |       0 |   0.0
        D:2 |      84 |       0 |   0.0 |      21 |       0 |   0.0
        D:3 |      65 |       0 |   0.0 |      14 |       0 |   0.0
        D:4 |     137 |       0 |   0.0 |      16 |       0 |   0.0
        D:5 |     634 |     344 |  35.2 |      20 |       9 |  31.0
        D:6 |     947 |     234 |  19.8 |      17 |       4 |  19.0
        D:7 |     387 |     108 |  21.8 |       5 |       2 |  28.6
        D:8 |    2071 |     214 |   9.4 |      14 |       3 |  17.6
            +---------+---------+-------+---------+---------+-------
